 Dungeon Crawl Stone Soup version 0.23.2-1-ga50397a (webtiles) character file.

Game seed: 13859876504026639309

500 IBeShadow the Ruffian (level 6, -3/62 HPs)
             Began as a Troll Monk on May 20, 2019.
             Killed from afar by an orc wizard (9 damage)
             ... with a puff of flame
             ... on level 4 of the Dungeon.
             The game lasted 00:05:33 (2645 turns).

IBeShadow the Ruffian (Troll Monk)                  Turns: 2645, Time: 00:05:34

Health: -3/62      AC:  6    Str: 20    XL:     6   Next: 94%
Magic:  5/5        EV:  8    Int: 11    God:
Gold:   107        SH:  9    Dex: 14    Spells: 5/5 levels left

rFire    . . .     SeeInvis .     - Unarmed
rCold    . . .     Gourm    +   k - +0 shield
rNeg     . . .     Faith    .   a - +0 robe
rPois    .         Spirit   .   (helmet restricted)
rElec    .         Reflect  .   (no cloak)
rCorr    .         Harm     .   (gloves unavailable)
MR       .....                  (boots unavailable)
Stlth    ++........             (no amulet)
HPRegen  0.60/turn              (no ring)
MPRegen  0.09/turn              (no ring)

@: brilliant
A: large, unfitting armour, claws 3, fast metabolism 3, gourmand, regeneration
1, shaggy fur 1, tough skin 3
a: no special abilities


You were on level 4 of the Dungeon.
You were very full.

You visited 1 branch of the dungeon, and saw 4 of its levels.

You collected 107 gold pieces.

Inventory:

Armour
 a - a +0 robe (worn)
 k - a +0 shield (worn)
Jewellery
 c - an uncursed amulet of magic regeneration {unknown}
 i - an uncursed amulet of harm {unknown}
Scrolls
 d - 2 scrolls of remove curse {unknown}
 e - a scroll of teleportation {unknown}
 g - a scroll of fog {unknown}
 h - 2 scrolls of identify {unknown}
 j - a scroll of noise {unknown}
 m - 2 scrolls of enchant armour {unknown}
 n - 4 scrolls of amnesia {unknown}
Comestibles
 b - 7 rations
 l - 3 chunks of flesh


   Skills:
 + Level 4.2 Fighting
 - Level 2.4 Dodging
 - Level 1.0 Stealth
 + Level 3.1 Shields
 + Level 5.2 Unarmed Combat


You had 5 spell levels left.
You didn't know any spells.
Your spell library was empty.

Dungeon Overview and Level Annotations

Branches:
Dungeon (4/15)
 Temple: D:4-7

Altars:
Cheibriados
Fedhas
Kikubaaqudgha

Annotations:
D:2 exclusion: oklob plant


Innate Abilities, Weirdness & Mutations

You are too large for most types of armour.
You have claws for hands.
Your metabolism is lightning-fast.
You like to eat raw meat.
Your natural rate of healing is unusually fast.
You are covered in fur. (AC +1)
You have extremely tough skin. (AC +3)


Message History

You closely miss the orc wizard.
The orc wizard is almost dead.
The orc wizard begins to cast a cantrip, but forgets the words!
Your shield prevents you from hitting the orc wizard.
The orc wizard is almost dead.
The orc wizard mumbles some strange words.
The orc wizard blinks!
The orc wizard points at you and mumbles some strange words.
The puff of frost hits you!
* * * LOW HITPOINT WARNING * * *
The orc wizard mumbles some strange words.
The orc wizard blinks!
The orc wizard hits you with a +0 falchion.
* * * LOW HITPOINT WARNING * * *
You closely miss the orc wizard.
The orc wizard is almost dead.
The orc wizard hits you but does no damage.
The orc wizard casts a spell at you. The puff of flame hits you!
You die...

#..# #..).##...#
#.!### #.........#
.....# ###....#..#
.....###/.....#..#
.......†.........#
(.......######.#.#
.....#### #..#.#
.....# #.##.#
..#### .. #@# ..#
..# #o# ..# #.#
#T# ### #. #§# #
#o# ## .o. .# ...
.# .. .....
.####..# ...§.


You could see a troll, an orc wizard and 2 orcs.

Vanquished Creatures
  2 ogres (D:4)
  A howler monkey (D:4)
  An orc priest (D:3)
  2 iguanas (D:4)
  3 worker ants
  4 gnolls (D:3)
  4 adders
  A worm (D:3)
  5 dart slugs
  A leopard gecko (D:1)
  6 orcs (D:3)
  3 ball pythons
  A giant cockroach (D:4)
  2 goblins
  9 hobgoblins
  5 kobolds
  2 quokkas
  7 bats
  4 frilled lizards
  5 rats
  A fungus (D:2)
  2 plants (D:2)
71 creatures vanquished.

Vanquished Creatures (others)
  13 toadstools (D:2)
13 creatures vanquished.

Grand Total: 84 creatures vanquished

Notes
Turn   | Place    | Note
-------+----------+-------------------------------------------
     0 | D:1      | IBeShadow the Troll Monk began the quest for the Orb.
     0 | D:1      | Reached XP level 1. HP: 22/22 MP: 0/0
   300 | D:1      | Reached XP level 2. HP: 29/29 MP: 1/1
   959 | D:2      | Reached XP level 3. HP: 36/36 MP: 2/2
  1026 | D:2      | Reached skill level 1 in Shields
  1190 | D:2      | Found a blossoming altar of Fedhas.
  1220 | D:2      | Noticed an oklob plant
  1824 | D:3      | Reached XP level 4. HP: 19/45 MP: 3/3
  1832 | D:3      | Reached skill level 4 in Unarmed Combat
  1961 | D:3      | Reached XP level 5. HP: 24/53 MP: 4/4
  2065 | D:3      | Found a snail-covered altar of Cheibriados.
  2296 | D:3      | Found an ancient bone altar of Kikubaaqudgha.
  2459 | D:4      | Reached XP level 6. HP: 35/62 MP: 5/5
  2627 | D:4      | Reached skill level 5 in Unarmed Combat
  2634 | D:4      | Noticed a troll
  2645 | D:4      | Killed from afar by an orc wizard

Skill      XL: |  1  2  3  4  5  6 |
---------------+-------------------+-----
Shields        | 1 2 3 |  3.1
Fighting       | 3 4 |  4.2
Unarmed Combat | 4 5 |  5.2
Dodging        | |  2.4
Stealth        | |  1.0

Action                   |  1- 3 |  4- 6 || total
-------------------------+-------+-------++-------
Melee: Unarmed           |   113 |   119 ||   232
  Use: Potion            |       |     3 ||     3
 Stab: Sleeping          |     2 |     3 ||     5
  Eat: Chunk             |    21 |     8 ||    29
Armor: Robe              |    23 |    24 ||    47
Dodge: Dodged            |    32 |    41 ||    73
Block: Shield            |    28 |    57 ||    85
